Match 45205601
Unlisted

Match 45205601
End
Vickers Machine Gun Team
Selects Heavy Armor Battlegroup
Construct Section Command Post
Dingo Light Scout Car
Infantry Section
Infantry Section
Selects Rigorous Vehicle Training
Construct Field Infirmary
ML 3-inch Mortar Team
Construct Platoon Command Post
Unlock M3 Stuart Light Tanks
M3 Stuart Light Tank
Infantry Section
ForeheadRamsay
shor
W呆橘子W
Tanith's Finest
Urge to Merge
Tirant
Cameltoe Joe
BigWrebbs
0
0

Comments sign in to comment!

No comments posted yet!